TOP OF THE 1ST |
Ontario Emus batting - Pitching for Boise White Sox : RHP Doug Spencer
|
Pitching: RHP Doug Spencer
|
|
Batting: RHB Álex Ochoa
|
0-0: Called Strike 0-1: Fly out, F7 (Flyball, 7M)
|
Batting: RHB Álex Martínez
|
0-0: Ball 1-0: Called Strike 1-1: Ball 2-1: Foul Ball, location: 2F 2-2: Ground out U3 (Groundball, 3)
|
Batting: RHB Ánibal Soto
|
0-0: Foul Ball, location: 2F 0-1: Swinging Strike 0-2: Ball 1-2: Ball 2-2: Strikes out looking
|
Top of the 1st over - 0 run(s), 0 hit(s), 0 error(s), 0 left on base; Ontario 0 - Boise 0 |
BOTTOM OF THE 1ST |
Boise White Sox batting - Pitching for Ontario Emus : RHP Muneyaki Nakamura
|
Pitching: RHP Muneyaki Nakamura
|
|
Batting: SHB António Ramos
|
0-0: SOLO HOME RUN (Flyball, 89XD), Distance : 431 ft
|
Batting: RHB Robert Koremans
|
0-0: Foul Ball, location: 2F 0-1: Ball 1-1: Ball 2-1: Foul Ball, location: 2F 2-2: SINGLE (Groundball, 5L)
|
Batting: LHB Jorge Martínez
|
0-0: Ball 1-0: Called Strike 1-1: Ball 2-1: Grounds into double play, 4-6-3 (Groundball, 4)
|
Batting: SHB Norberto Muñóz
|
0-0: Swinging Strike 0-1: Swinging Strike 0-2: Ball 1-2: Strikes out swinging
|
Bottom of the 1st over - 1 run(s), 2 hit(s), 0 error(s), 0 left on base; Ontario 0 - Boise 1 |
TOP OF THE 2ND |
Ontario Emus batting - Pitching for Boise White Sox : RHP Doug Spencer
|
Batting: LHB Dave Raines
|
0-0: Fly out, F6 (Popup, 6D)
|
Batting: RHB James Hunter
|
0-0: Ball 1-0: Ball 2-0: Ball 3-0: Called Strike 3-1: Base on Balls
|
Batting: RHB Albert Galindo
|
0-0: Reached on error, E5 (Groundball, 56) James Hunter to second
|
Batting: RHB John Robertson
|
0-0: Called Strike 0-1: Grounds into double play, 5-4-3 (Groundball, 56)
|
Top of the 2nd over - 0 run(s), 0 hit(s), 1 error(s), 1 left on base; Ontario 0 - Boise 1 |
BOTTOM OF THE 2ND |
Boise White Sox batting - Pitching for Ontario Emus : RHP Muneyaki Nakamura
|
Batting: RHB Marcos Liñares
|
0-0: Called Strike 0-1: Foul Ball, location: 2F 0-2: Ball 1-2: Ball 2-2: Fly out, F9 (Flyball, 89M)
|
Batting: RHB Armando Vega
|
0-0: Foul Ball, location: 2F 0-1: Ball 1-1: Ball 2-1: Ball 3-1: Base on Balls
|
Batting: RHB Armando Bernard
|
0-0: Called Strike 0-1: Swinging Strike 0-2: Ball 1-2: Ball 2-2: Ground out 4-3 (Groundball, 4M) Armando Vega to second
|
Batting: RHB Don Miller
|
0-0: Called Strike 0-1: Ground out 6-3 (Groundball, 6)
|
Bottom of the 2nd over - 0 run(s), 0 hit(s), 0 error(s), 1 left on base; Ontario 0 - Boise 1 |
TOP OF THE 3RD |
Ontario Emus batting - Pitching for Boise White Sox : RHP Doug Spencer
|
Batting: SHB Darrel Lang
|
0-0: Ball 1-0: Foul Ball, location: 2F 1-1: Called Strike 1-2: Foul Ball, location: 2F 1-2: Ball 2-2: Strikes out looking
|
Batting: LHB Elvin Summers
|
0-0: Ball 1-0: Ball 2-0: Fly out, F6 (Popup, 6)
|
Batting: RHB Álex Ochoa
|
0-0: Ball 1-0: Foul Ball, location: 2F 1-1: Ball 2-1: Foul Ball, location: 2F 2-2: Fly out, F9 (Flyball, 89S)
|
Top of the 3rd over - 0 run(s), 0 hit(s), 0 error(s), 0 left on base; Ontario 0 - Boise 1 |
BOTTOM OF THE 3RD |
Boise White Sox batting - Pitching for Ontario Emus : RHP Muneyaki Nakamura
|
Batting: RHB Don Jackson
|
0-0: Ball 1-0: Ball 2-0: Called Strike 2-1: Foul Ball, location: 2F 2-2: Ball 3-2: Strikes out swinging
|
Batting: SHB António Ramos
|
0-0: Ball 1-0: Ball 2-0: Ball 3-0: Called Strike 3-1: Base on Balls
|
Batting: RHB Robert Koremans
|
0-0: Called Strike 0-1: Called Strike 0-2: Strikes out swinging
|
Batting: LHB Jorge Martínez
|
0-0: SINGLE (Line Drive, 56D) António Ramos to second
|
Batting: SHB Norberto Muñóz
|
0-0: Ball 1-0: Called Strike 1-1: Ball 2-1: Called Strike 2-2: Foul Ball, location: 2F 2-2: Strikes out swinging
|
Bottom of the 3rd over - 0 run(s), 1 hit(s), 0 error(s), 2 left on base; Ontario 0 - Boise 1 |
TOP OF THE 4TH |
Ontario Emus batting - Pitching for Boise White Sox : RHP Doug Spencer
|
Batting: RHB Álex Martínez
|
0-0: SOLO HOME RUN (Flyball, 9D), Distance : 377 ft
|
Batting: RHB Ánibal Soto
|
0-0: Ball 1-0: Ground out 6-3 (Groundball, 6M)
|
Batting: LHB Dave Raines
|
0-0: Called Strike 0-1: Called Strike 0-2: Ball 1-2: Foul Ball, location: 2F 1-2: Fly out, F7 (Popup, 78S)
|
Batting: RHB James Hunter
|
0-0: Fly out, F9 (Flyball, 89S)
|
Top of the 4th over - 1 run(s), 1 hit(s), 0 error(s), 0 left on base; Ontario 1 - Boise 1 |
BOTTOM OF THE 4TH |
Boise White Sox batting - Pitching for Ontario Emus : RHP Muneyaki Nakamura
|
Batting: RHB Marcos Liñares
|
0-0: Ball 1-0: Ball 2-0: Ball 3-0: Ground out 5-3 (Groundball, 5)
|
Batting: RHB Armando Vega
|
0-0: Swinging Strike 0-1: Ball 1-1: Called Strike 1-2: Foul Ball, location: 2F 1-2: Foul Ball, location: 2F 1-2: Foul Ball, location: 2F 1-2: Ball 2-2: Strikes out looking
|
Batting: RHB Armando Bernard
|
0-0: Called Strike 0-1: Swinging Strike 0-2: Ball 1-2: Strikes out swinging
|
Bottom of the 4th over - 0 run(s), 0 hit(s), 0 error(s), 0 left on base; Ontario 1 - Boise 1 |
TOP OF THE 5TH |
Ontario Emus batting - Pitching for Boise White Sox : RHP Doug Spencer
|
Batting: RHB Albert Galindo
|
0-0: Ball 1-0: Called Strike 1-1: Called Strike 1-2: Foul Ball, location: 2F 1-2: Foul Ball, location: 2F 1-2: Ball 2-2: SINGLE (Line Drive, 7S)
|
Batting: RHB John Robertson
|
0-0: Foul Ball, location: 2F 0-1: Ball 1-1: Fly out, F9 (Flyball, 9LM)
|
Batting: SHB Darrel Lang
|
0-0: Ball 1-0: Swinging Strike 1-1: Foul Ball, location: 2F 1-2: Foul Ball, location: 2F 1-2: Foul Ball, location: 2F 1-2: Strikes out looking
|
Batting: LHB Elvin Summers
|
0-0: Ball 1-0: Fly out, F8 (Flyball, 8RXD)
|
Top of the 5th over - 0 run(s), 1 hit(s), 0 error(s), 1 left on base; Ontario 1 - Boise 1 |
BOTTOM OF THE 5TH |
Boise White Sox batting - Pitching for Ontario Emus : RHP Muneyaki Nakamura
|
Batting: RHB Don Miller
|
0-0: Called Strike 0-1: Ball 1-1: Fly out, F2 (Popup, 23F)
|
Batting: RHB Don Jackson
|
0-0: Ball 1-0: Ball 2-0: SINGLE (Groundball, 13) (infield hit)
|
Batting: SHB António Ramos
|
0-0: Ground out 4-3 (Groundball, 4M) Don Jackson to second
|
Batting: RHB Robert Koremans
|
0-0: Foul Ball, location: 2F 0-1: Foul Ball, location: 2F 0-2: Ground out 5-3 (Groundball, 5)
|
Bottom of the 5th over - 0 run(s), 1 hit(s), 0 error(s), 1 left on base; Ontario 1 - Boise 1 |
TOP OF THE 6TH |
Ontario Emus batting - Pitching for Boise White Sox : RHP Doug Spencer
|
Batting: RHB Álex Ochoa
|
0-0: Called Strike 0-1: Ball 1-1: Ground out 6-3 (Groundball, 6)
|
Batting: RHB Álex Martínez
|
0-0: Called Strike 0-1: Swinging Strike 0-2: Ball 1-2: Ball 2-2: SINGLE (Groundball, 56)
|
Batting: RHB Ánibal Soto
|
0-0: Called Strike 0-1: Ball 1-1: Ground out 3-1 (Groundball, 34) Álex Martínez to second
|
Batting: LHB Dave Raines
|
0-0: Ball 1-0: Swinging Strike 1-1: Ball 2-1: Ball 3-1: SINGLE (Line Drive, 78S) Álex Martínez to third Runner from 3rd tries for Home, SAFE, no throw or cutoff
|
Batting: RHB James Hunter
|
0-0: Foul Ball, location: 2F 0-1: Called Strike 0-2: Strikes out swinging
|
Top of the 6th over - 1 run(s), 2 hit(s), 0 error(s), 1 left on base; Ontario 2 - Boise 1 |
BOTTOM OF THE 6TH |
Boise White Sox batting - Pitching for Ontario Emus : RHP Muneyaki Nakamura
|
Batting: LHB Jorge Martínez
|
0-0: Swinging Strike 0-1: Foul Ball, location: 2F 0-2: Foul Ball, location: 2F 0-2: Ball 1-2: Foul Ball, location: 2F 1-2: Foul Ball, location: 2F 1-2: Foul Ball, location: 2F 1-2: Foul Ball, location: 2F 1-2: Fly out, F8 (Flyball, 8LS)
|
Pitching: RHP Héctor Villegas
|
|
Batting: SHB Norberto Muñóz
|
0-0: SINGLE (Groundball, 3D)
|
Batting: RHB Marcos Liñares
|
0-0: Ball Norberto Muñóz steals 2nd base 1-0: Fly out, F9 (Flyball, 89M)
|
Batting: RHB Armando Vega
|
0-0: Swinging Strike 0-1: 2-RUN HOME RUN (Flyball, 78XD), Distance : 420 ft
|
Batting: RHB Armando Bernard
|
0-0: Called Strike 0-1: Foul Ball, location: 2F 0-2: Ball 1-2: Ground out 5-3 (Groundball, 5S)
|
Bottom of the 6th over - 2 run(s), 2 hit(s), 0 error(s), 0 left on base; Ontario 2 - Boise 3 |
TOP OF THE 7TH |
Ontario Emus batting - Pitching for Boise White Sox : RHP Doug Spencer
|
Pitching: RHP Mike Alexander
|
|
Batting: RHB Albert Galindo
|
0-0: Ball 1-0: Foul Ball, location: 2F 1-1: Fly out, F8 (Flyball, 8LM)
|
Batting: RHB John Robertson
|
0-0: Called Strike 0-1: Swinging Strike 0-2: Ball 1-2: Strikes out swinging
|
Batting: SHB Darrel Lang
|
0-0: Swinging Strike 0-1: Swinging Strike 0-2: Strikes out swinging
|
Top of the 7th over - 0 run(s), 0 hit(s), 0 error(s), 0 left on base; Ontario 2 - Boise 3 |
BOTTOM OF THE 7TH |
Boise White Sox batting - Pitching for Ontario Emus : RHP Héctor Villegas
|
Batting: RHB Don Miller
|
0-0: Swinging Strike 0-1: Ball 1-1: Foul Ball, location: 2F 1-2: Ball 2-2: Ball 3-2: Base on Balls
|
Batting: RHB Don Jackson
|
0-0: Ball Don Miller is caught stealing 2nd base 1-0: Ball 2-0: Fly out, F1 (Popup, 15S)
|
Batting: SHB António Ramos
|
0-0: Ball 1-0: Foul Ball, location: 2F 1-1: Ball 2-1: Ground out 4-3 (Groundball, 34)
|
Bottom of the 7th over - 0 run(s), 0 hit(s), 0 error(s), 0 left on base; Ontario 2 - Boise 3 |
TOP OF THE 8TH |
Ontario Emus batting - Pitching for Boise White Sox : RHP Mike Alexander
|
Pitching: LHP Miguel Pazo
|
|
Now in RF: Joey Boyd
|
|
Batting: LHB Elvin Summers
|
0-0: DOUBLE (Line Drive, 3L)
|
Pitching: RHP Jim Rawnsley
|
|
Pinch Hitting: RHB Jaime Hernández
|
0-0: Ball 1-0: Ball 2-0: Swinging Strike 2-1: Ball 3-1: Base on Balls
|
Pinch Hitting: RHB Júlio Colón
|
0-0: Ball 1-0: Bunted foul 1-1: Bunted foul 1-2: Ball 2-2: Ball 3-2: Base on Balls Elvin Summers to third Jaime Hernández to second
|
Batting: RHB Ánibal Soto
|
0-0: Ball 1-0: Called Strike 1-1: Called Strike 1-2: Strikes out swinging
|
Batting: LHB Dave Raines
|
0-0: Ball 1-0: Ball 2-0: Ball 3-0: Base on Balls Elvin Summers scores Jaime Hernández to third Júlio Colón to second
|
Pinch Hitting: RHB Gustavo Medine
|
0-0: Ball 1-0: Called Strike 1-1: DOUBLE (Line Drive, 9LM) Jaime Hernández scores Júlio Colón scores Dave Raines to third
|
Pinch Hitting: LHB Cipriano Martínez
|
0-0: Intentional Walk
|
Batting: RHB John Robertson
|
0-0: SINGLE (Groundball, 5L) Dave Raines scores Gustavo Medine to third Cipriano Martínez to second
|
Pitching: RHP Bernardo Herrera
|
|
Pinch Hitting: RHB Bob Corrigan
|
0-0: Ball 1-0: Called Strike 1-1: Foul Ball, location: 2F 1-2: Ball 2-2: Fly out, F8 (Flyball, 89M)
|
Batting: LHB Elvin Summers
|
0-0: Ball 1-0: Swinging Strike 1-1: Foul Ball, location: 2F 1-2: Foul Ball, location: 2F 1-2: Ball 2-2: Foul Ball, location: 2F 2-2: Foul Ball, location: 2F 2-2: Ball 3-2: Base on Balls Gustavo Medine scores Cipriano Martínez to third John Robertson to second
|
Batting: RHB Jaime Hernández
|
0-0: Ball 1-0: Fly out, F9 (Flyball, 9LM)
|
Top of the 8th over - 5 run(s), 3 hit(s), 0 error(s), 3 left on base; Ontario 7 - Boise 3 |
BOTTOM OF THE 8TH |
Boise White Sox batting - Pitching for Ontario Emus : RHP Héctor Villegas
|
Now at 1B: Cipriano Martínez
|
|
Now at 3B: Jack Crossey
|
|
Now at SS: Bob Corrigan
|
|
Now in LF: Jaime Hernández
|
|
Batting: RHB Robert Koremans
|
0-0: Called Strike
|
Now in LF: César Maldonado
|
0-1: Foul Ball, location: 2F 0-2: Ball 1-2: Ball 2-2: Ball 3-2: Foul Ball, location: 2F 3-2: Base on Balls
|
Batting: LHB Jorge Martínez
|
0-0: Ball 1-0: SINGLE (Flyball, 89S) Robert Koremans to second
|
Batting: SHB Norberto Muñóz
|
0-0: Ball 1-0: Called Strike 1-1: Called Strike 1-2: Foul Ball, location: 2F 1-2: Foul Ball, location: 2F 1-2: Ground out 4-3 (Groundball, 4M) Robert Koremans to third Jorge Martínez to second
|
Pitching: LHP Rick Davis
|
|
Batting: RHB Marcos Liñares
|
0-0: Ball 1-0: Called Strike 1-1: Fly out, F7 (Flyball, 78S)
|
Pitching: LHP José Aragón
|
|
Batting: RHB Armando Vega
|
0-0: Ball 1-0: Ball 2-0: Swinging Strike 2-1: Swinging Strike 2-2: Ball 3-2: Base on Balls
|
Batting: RHB Armando Bernard
|
0-0: Called Strike 0-1: Ball 1-1: Foul Ball, location: 2F 1-2: Foul Ball, location: 2F 1-2: Ball 2-2: Foul Ball, location: 2F 2-2: Ball 3-2: Foul Ball, location: 2F 3-2: Foul Ball, location: 2F 3-2: Foul Ball, location: 2F 3-2: SINGLE (Groundball, 6MD) Robert Koremans scores Jorge Martínez to third Armando Vega to second Jorge Martínez scores Armando Vega to third
|
Pinch Hitting: RHB Jorge Barrios
|
0-0: Ball 1-0: Called Strike 1-1: Ball 2-1: Foul Ball, location: 2F 2-2: Ball 3-2: Foul Ball, location: 2F 3-2: Foul Ball, location: 2F 3-2: Strikes out looking
|
Bottom of the 8th over - 2 run(s), 2 hit(s), 0 error(s), 2 left on base; Ontario 7 - Boise 5 |
TOP OF THE 9TH |
Ontario Emus batting - Pitching for Boise White Sox : RHP Bernardo Herrera
|
Pitching: RHP Juan Figueroa
|
|
Now at 3B: Jason Nava
|
|
Batting: RHB Jack Crossey
|
0-0: Fly out, F9 (Flyball, 89S)
|
Batting: RHB Ánibal Soto
|
0-0: Ball 1-0: Fly out, F7 (Flyball, 7M)
|
Batting: LHB Dave Raines
|
0-0: Foul Ball, location: 2F 0-1: Foul Ball, location: 2F 0-2: Ball 1-2: Ground out 4-3 (Groundball, 4)
|
Top of the 9th over - 0 run(s), 0 hit(s), 0 error(s), 0 left on base; Ontario 7 - Boise 5 |
BOTTOM OF THE 9TH |
Boise White Sox batting - Pitching for Ontario Emus : LHP José Aragón
|
Pitching: RHP Shaun Harris
|
|
Batting: RHB Don Jackson
|
0-0: Called Strike 0-1: Fly out, F3 (Popup, 3F)
|
Batting: SHB Joey Boyd
|
0-0: SINGLE (Groundball, 5D)
|
Batting: RHB Robert Koremans
|
0-0: Ball 1-0: SINGLE (Groundball, 13) (infield hit) Joey Boyd to second
|
Batting: LHB Jorge Martínez
|
0-0: SINGLE (Groundball, 4M) Joey Boyd to third Robert Koremans to second Runner from 3rd tries for Home, SAFE, no throw or cutoff
|
Pinch Runner at 2nd Clarence Harrison:
|
|
Batting: SHB Norberto Muñóz
|
0-0: Foul Ball, location: 2F 0-1: Foul Ball, location: 2F 0-2: Ball 1-2: Foul Ball, location: 2F 1-2: Strikes out swinging
|
Batting: RHB Marcos Liñares
|
0-0: Ball 1-0: Ball 2-0: Called Strike 2-1: Fly out, F8 (Flyball, 89D)
|
Bottom of the 9th over - 1 run(s), 3 hit(s), 0 error(s), 2 left on base; Ontario 7 - Boise 6 |
|